Condors vs Wolfpack

Created - Wednesday, January 22, 2025 at 21:40

Goals
1 2 3 T
Condors 3 0 0 3
Wolfpack 0 1 0 1
Shots
1 2 3 T
Condors 10 8 11 29
Wolfpack 8 9 12 29

1st period

1. Condors , Bryan Yoon 1 (Brendan Gaunce 35, Mason Jobst 33) at 6:39
2. Condors , Jack Studnicka 10 (Brendan Gaunce 36, Dean Stewart 8) at 13:46 (PP)
3. Condors , Brendan Gaunce 16 (Isak Rosen 19, Aidan Fulp 7) at 16:27

Penalties :
Jack Studnicka (BAK) for Holding Stick (Minor) at 11:06, Mackenzie Entwistle (HAR) for Fighting (Major) at 11:47, Steven Fogarty (BAK) for Fighting (Major) at 11:47, John Leonard (HAR) for Delaying the game (Minor) at 12:36, Dillon Heatherington (HAR) for Goalie Interference (Minor) at 18:57

2nd period

4. Wolfpack , Vasili Ponomarev 10 (John Leonard 15) at 15:14

Penalties :
Steven Fogarty (BAK) for Tripping (Minor) at 5:48, Dean Stewart (BAK) for Slashing (Minor) at 9:22, Nicolas Deslauriers (HAR) for Roughing (Double Minor) at 10:56, Marco Scandella (HAR) for Tripping (Minor) at 16:58

3rd period

No Goal

Penalties :
Kyle Rau (BAK) for Unsportsmanlike conduct (Minor) at 1:06, Colton White (HAR) for Tripping (Minor) at 4:39, Brendan Gaunce (BAK) for Roughing (Minor) at 4:39, Mackenzie Entwistle (HAR) for High sticking (Minor) at 7:13, Drew Helleson (HAR) for Tripping (Minor) at 9:00, Steven Fogarty (BAK) for Delaying the game (Minor) at 12:10, Mackenzie Entwistle (HAR) for Hooking (Minor) at 12:49, Joseph Duszak (BAK) for Roughing (Minor) at 17:32

Goalie Stats

Peyton Jones (BAK), 28 saves from 29 shots - (0.966), W, 19-20-4, 60:00 minutes
Jesper Wallstedt (HAR), 26 saves from 29 shots - (0.897), L, 25-13-8, 60:00 minutes

Players Stats for Condors

Player Name              G  A  P  +/- PIM S  H  SB GA TA FO     MP     PP MP  PK MP  
------------------------------------------------------------------------------------
Aidan Fulp               0  1  1   1  0   0  2  3  0  0  0/0    20:57   5:13   3:19 
Alex Belzile             0  0  0  -1  0   3  1  0  0  0  3/6    20:14   6:50   0:00 
Brendan Gaunce           1  2  3   2  2   2  3  1  0  0  15/23  19:02   5:29   4:19 
Bryan Yoon               1  0  1   0  0   1  1  1  0  0  0/0    13:48   0:28   1:51 
Cameron Wright           0  0  0   0  0   2  2  1  0  0  0/1    11:25   0:00   0:00 
Dean Stewart             0  1  1   1  2   2  1  1  0  0  0/0    21:06   6:13   2:54 
Isak Rosen               0  1  1   2  0   4  2  2  0  0  0/12   22:16   5:19   6:10 
Jack Studnicka           1  0  1   0  2   5  0  0  0  0  3/6    15:31   6:50   2:12 
Jan Mysak                0  0  0   0  0   1  2  0  0  0  4/10    7:08   1:51   0:00 
Joel Kiviranta           0  0  0   0  0   0  0  0  0  0  0/0     6:17   0:00   0:06 
Joseph Duszak            0  0  0   0  2   1  7  0  0  0  0/0    21:47   5:39   2:52 
Kyle Rau                 0  0  0   0  2   1  0  0  0  0  1/2    12:05   0:00   0:22 
Mason Jobst              0  1  1   2  0   1  0  0  0  0  0/0    14:28   5:48   0:00 
Matthew Strome           0  0  0  -1  0   0  0  0  0  0  0/0     7:13   0:00   0:00 
Patrik Koch              0  0  0   0  0   0  1  2  0  0  0/0    17:20   2:37   3:14 
Steven Fogarty           0  0  0   0  9   2  0  0  0  0  13/21  20:12   5:47   3:57 
Tristen Nielsen          0  0  0  -1  0   1  0  0  0  0  4/12   11:44   0:00   2:45 
Xavier Ouellet           0  0  0   0  0   3  1  1  0  0  0/0    23:26   5:06   4:38 

Players Stats for Wolfpack

Player Name              G  A  P  +/- PIM S  H  SB GA TA FO     MP     PP MP  PK MP  
------------------------------------------------------------------------------------
Charles Hudon            0  0  0  -1  0   5  0  1  0  0  15/21  16:12   4:29   3:19 
Cole Schneider           0  0  0   1  0   1  0  1  0  0  3/5    16:54   0:00   4:23 
Colton White             0  0  0  -1  2   0  1  0  0  0  0/0     7:56   0:34   1:04 
Dillon Heatherington     0  0  0   1  2   1  1  0  0  0  0/0    14:21   1:09   0:18 
Drake Caggiula           0  0  0  -1  0   1  0  0  0  0  1/3    17:04   5:11   4:12 
Drew Helleson            0  0  0   1  2   0  0  1  0  0  0/0    15:04   0:00   2:09 
Emil Bemstrom            0  0  0   0  0   0  0  0  0  0  0/0     6:49   0:00   0:00 
Gage Quinney             0  0  0  -1  0   2  0  0  0  0  0/0    14:08   4:29   1:41 
Jacob MacDonald          0  0  0  -1  0   2  2  1  0  0  0/0    20:37   4:14   5:46 
John Leonard             0  1  1   1  2   1  1  0  0  0  3/7    18:09   1:57   0:00 
Josh Mahura              0  0  0   0  0   4  0  1  0  0  0/0    17:56   4:39   5:26 
Mackenzie Entwistle      0  0  0   0  9   2  3  0  0  0  0/0    20:40   3:11   5:19 
Marco Scandella          0  0  0  -1  2   1  3  1  0  0  0/0    23:10   4:17   4:44 
Mavrik Bourque           0  0  0  -1  0   2  1  0  0  0  12/17  12:50   5:11   0:24 
Nicolas Deslauriers      0  0  0  -1  4   2  5  0  0  0  4/15   18:05   4:21   5:46 
Tyler Madden             0  0  0   0  0   0  0  0  0  0  1/11    6:49   0:00   0:00 
Vasili Ponomarev         1  0  1   0  0   2  2  0  0  0  11/14  15:12   0:07   0:00 
Will Butcher             0  0  0  -1  0   3  2  2  0  0  0/0    20:52   4:27   5:48 

3 Stars

1 - Brendan Gaunce (BAK)
2 - Peyton Jones (BAK)
3 - Isak Rosen (BAK)

Power Play

Condors - 1 on 8 Attempt(s) - 12.50%
Wolfpack - 0 on 6 Attempt(s) - 0.00%

Penalty Kill

Condors - 6 on 6 Attempt(s) - 100.00% - Score 0 goal in Penalty Kill
Wolfpack - 7 on 8 Attempt(s) - 87.50% - Score 0 goal in Penalty Kill

Team Stat

Condors - Hits : 23 - Faceoff Wins : 43 - Blocked Shots : 12 - Penalty Minutes : 19
Wolfpack - Hits : 21 - Faceoff Wins : 50 - Blocked Shots : 8 - Penalty Minutes : 23

Official

Referees : Jordan Samuels and Jake Brenk
Linesman : Jesse Marquis and Tyson Baker

Game Notes

Mackenzie Entwistle beats up Steven Fogarty at 11:47 of 1st period

Finance

Level 1 -- Attendance: 1916 (95.80%) -- Ticket Income $67,060
Level 2 -- Attendance: 897 (89.70%) -- Ticket Income $13,455
Total Attendance: 2813 (93.77%)
Total Ticket Income: $80,515
Other Income: $39,452
Total Income: $119,967

Condors

5 vs 5 Forward 
   Center                   Left Wing                Right Wing               Time % Phy DF OF 
 1 Alex Belzile             Joel Kiviranta           Jack Studnicka           25     1   2  2  
 2 Brendan Gaunce           Mason Jobst              Isak Rosen               25     1   2  2  
 3 Steven Fogarty           Kyle Rau                 Cameron Wright           25     1   2  2  
 4 Tristen Nielsen          Matthew Strome           Alex Belzile             25     1   2  2  

5 vs 5 Defense 
   Defense                  Defense                                           Time % Phy DF OF 
 1 Xavier Ouellet           Joseph Duszak                                     25     1   2  2  
 2 Dean Stewart             Aidan Fulp                                        25     1   2  2  
 3 Patrik Koch              Bryan Yoon                                        25     1   2  2  
 4 Xavier Ouellet           Joseph Duszak                                     25     1   2  2  

PowerPlay Forward 
   Center                   Left Wing                Right Wing               Time % Phy DF OF 
 1 Steven Fogarty           Alex Belzile             Jack Studnicka           60     1   2  2  
 2 Brendan Gaunce           Mason Jobst              Isak Rosen               40     1   2  2  

PowerPlay Defense
   Defense                  Defense                                           Time % Phy DF OF 
 1 Xavier Ouellet           Joseph Duszak                                     60     1   2  2  
 2 Dean Stewart             Aidan Fulp                                        40     1   2  2  

Penalty Kill 4 Players Forward 
   Center                   Wing                     Time % Phy DF OF 
 1 Isak Rosen               Steven Fogarty           60     1   2  2  
 2 Jack Studnicka           Brendan Gaunce           40     1   2  2  

Penalty Kill 4 Players Defense
   Defense                  Defense                  Time % Phy DF OF 
 1 Xavier Ouellet           Joseph Duszak            60     1   2  2  
 2 Dean Stewart             Aidan Fulp               40     1   2  2  

Penalty Kill - 3 Players Forward 
   Forward                                           Time % Phy DF OF 
 1 Jack Studnicka                                    60     1   2  2  
 2 Brendan Gaunce                                    40     1   2  2  

Penalty Kill - 3 Players Defense
   Defense                  Defense                  Time % Phy DF OF 
 1 Xavier Ouellet           Joseph Duszak            60     1   2  2  
 2 Dean Stewart             Aidan Fulp               40     1   2  2  

4 vs 4 Forward 
   Center                   Wing                     Time % Phy DF OF 
 1 Steven Fogarty           Isak Rosen               60     1   2  2  
 2 Jack Studnicka           Brendan Gaunce           40     1   2  2  

4 vs 4 Defense
   Defense                  Defense                  Time % Phy DF OF 
 1 Xavier Ouellet           Joseph Duszak            60     1   2  2  
 2 Dean Stewart             Aidan Fulp               40     1   2  2  

Last Minutes Offensive
   Center                   Left Wing                Right Wing               Defense                  Defense                  
   Alex Belzile             Joel Kiviranta           Jack Studnicka           Xavier Ouellet           Joseph Duszak            

Last Minutes Defensive
   Center                   Left Wing                Right Wing               Defense                  Defense                  
   Alex Belzile             Joel Kiviranta           Jack Studnicka           Xavier Ouellet           Joseph Duszak            

Goaltenders
Starting : Peyton Jones             
Backup : Matt Tomkins             

Extra Forwards
Normal : Jan Mysak, Steven Fogarty, Tristen Nielsen - PP : Jan Mysak, Steven Fogarty - PK : Tristen Nielsen
Extra Defensemen
Normal : Patrik Koch, Xavier Ouellet, Dean Stewart - PP : Patrik Koch - PK : Joseph Duszak, Dean Stewart
Penalty Shots
Tristen Nielsen, Steven Fogarty, Jack Studnicka, Brendan Gaunce, Isak Rosen
Custom OT Lines Forwards
Joel Kiviranta, Alex Belzile, Jack Studnicka, Brendan Gaunce, Isak Rosen, Steven Fogarty, Mason Jobst, Tristen Nielsen, Kyle Rau, Cameron Wright
Custom OT Lines Defensemen
Xavier Ouellet, Joseph Duszak, Dean Stewart, Aidan Fulp, Patrik Koch

Scratches
Austin Osmanski (Healthy), Cavan Fitzgerald (Healthy), Louis Boudon (Healthy), Casey Dornbach (Healthy), Jarid Lukosevicius (Healthy)
Alex Kannok Leipert (Healthy), Matej Pekar (Healthy), Ken Appleby (Healthy), Dustin Tokarski (Healthy)

Wolfpack

5 vs 5 Forward 
   Center                   Left Wing                Right Wing               Time % Phy DF OF 
 1 Mavrik Bourque           Mackenzie Entwistle      Drake Caggiula           25     1   2  2  
 2 Charles Hudon            Gage Quinney             Nicolas Deslauriers      25     1   2  2  
 3 Vasili Ponomarev         Cole Schneider           John Leonard             25     1   2  2  
 4 Tyler Madden             Emil Bemstrom            Mackenzie Entwistle      25     1   2  2  

5 vs 5 Defense 
   Defense                  Defense                                           Time % Phy DF OF 
 1 Marco Scandella          Josh Mahura                                       25     1   2  2  
 2 Jacob MacDonald          Will Butcher                                      25     1   2  2  
 3 Dillon Heatherington     Drew Helleson                                     25     1   2  2  
 4 Colton White             Marco Scandella                                   25     1   2  2  

PowerPlay Forward 
   Center                   Left Wing                Right Wing               Time % Phy DF OF 
 1 Mavrik Bourque           Mackenzie Entwistle      Drake Caggiula           60     1   2  2  
 2 Charles Hudon            Gage Quinney             Nicolas Deslauriers      40     1   2  2  

PowerPlay Defense
   Defense                  Defense                                           Time % Phy DF OF 
 1 Marco Scandella          Josh Mahura                                       60     1   2  2  
 2 Jacob MacDonald          Will Butcher                                      40     1   2  2  

Penalty Kill 4 Players Forward 
   Center                   Wing                     Time % Phy DF OF 
 1 Nicolas Deslauriers      Mackenzie Entwistle      60     1   2  2  
 2 Drake Caggiula           Charles Hudon            40     1   2  2  

Penalty Kill 4 Players Defense
   Defense                  Defense                  Time % Phy DF OF 
 1 Marco Scandella          Josh Mahura              60     1   2  2  
 2 Jacob MacDonald          Will Butcher             40     1   2  2  

Penalty Kill - 3 Players Forward 
   Forward                                           Time % Phy DF OF 
 1 Drake Caggiula                                    60     1   2  2  
 2 Mackenzie Entwistle                               40     1   2  2  

Penalty Kill - 3 Players Defense
   Defense                  Defense                  Time % Phy DF OF 
 1 Marco Scandella          Josh Mahura              60     1   2  2  
 2 Jacob MacDonald          Will Butcher             40     1   2  2  

4 vs 4 Forward 
   Center                   Wing                     Time % Phy DF OF 
 1 John Leonard             Mackenzie Entwistle      60     1   2  2  
 2 Drake Caggiula           Charles Hudon            40     1   2  2  

4 vs 4 Defense
   Defense                  Defense                  Time % Phy DF OF 
 1 Marco Scandella          Josh Mahura              60     1   2  2  
 2 Jacob MacDonald          Will Butcher             40     1   2  2  

Last Minutes Offensive
   Center                   Left Wing                Right Wing               Defense                  Defense                  
   Mavrik Bourque           Mackenzie Entwistle      Drake Caggiula           Marco Scandella          Josh Mahura              

Last Minutes Defensive
   Center                   Left Wing                Right Wing               Defense                  Defense                  
   Mavrik Bourque           Mackenzie Entwistle      Drake Caggiula           Marco Scandella          Josh Mahura              

Goaltenders
Starting : Jesper Wallstedt         
Backup : Cal Petersen             

Extra Forwards
Normal : John Leonard, Vasili Ponomarev, Cole Schneider - PP : John Leonard, Vasili Ponomarev - PK : Cole Schneider
Extra Defensemen
Normal : Dillon Heatherington, Drew Helleson, Colton White - PP : Dillon Heatherington - PK : Drew Helleson, Colton White
Penalty Shots
Vasili Ponomarev, Mackenzie Entwistle, Drake Caggiula, Charles Hudon, Nicolas Deslauriers
Custom OT Lines Forwards
Mavrik Bourque, Mackenzie Entwistle, Drake Caggiula, Charles Hudon, Nicolas Deslauriers, John Leonard, Vasili Ponomarev, Gage Quinney, Cole Schneider, Tyler Madden
Custom OT Lines Defensemen
Marco Scandella, Josh Mahura, Jacob MacDonald, Will Butcher, Dillon Heatherington

Scratches
Wade Allison (Healthy), Skyler Brind'Amour (Healthy), Matthew Phillips (Healthy), Montana Onyebuchi (Healthy), Matt Filipe (Healthy)
Dave Gust (Healthy), Matt Kiersted (Healthy), Zach Sawchenko (Healthy)

% Time on Ice - Condors

Lines # - Real PCT - Wanted PCT - Time Play
Normal Forward
1 - 18% - 25% - 6:11
2 - 26% - 25% - 8:40
3 - 34% - 25% - 11:25
4 - 22% - 25% - 7:13
Normal Defense
1 - 16% - 25% - 5:30
2 - 32% - 25% - 10:49
3 - 33% - 25% - 11:10
4 - 18% - 25% - 6:00
PP Forward
1 - 54% - 60% - 6:50
2 - 46% - 40% - 5:48
PP Defense
1 - 48% - 60% - 6:07
2 - 52% - 40% - 6:31
PK Forward
1 - 77% - 60% - 7:28
2 - 23% - 40% - 2:12
PK Defense
1 - 58% - 60% - 5:38
2 - 42% - 40% - 4:02
PK3 Forward
1 - 0% - 60%
2 - 0% - 40%
PK3 Defense
1 - 0% - 60%
2 - 0% - 40%
44 Forward
1 - 92% - 60% - 3:54
2 - 8% - 40% - 0:19
44 Defense
1 - 50% - 60% - 2:06
2 - 50% - 40% - 2:07
Last Minute Offensive  - 0:00
Last Minute Defensive  - 0:00
Total
Forward - 60:00
Defense - 60:00

% Time on Ice - Wolfpack

Lines # - Real PCT - Wanted PCT - Time Play
Normal Forward
1 - 22% - 25% - 7:15
2 - 24% - 25% - 7:58
3 - 34% - 25% - 11:27
4 - 20% - 25% - 6:49
Normal Defense
1 - 18% - 25% - 5:57
2 - 25% - 25% - 8:18
3 - 39% - 25% - 12:55
4 - 19% - 25% - 6:19
PP Forward
1 - 54% - 60% - 5:11
2 - 46% - 40% - 4:29
PP Defense
1 - 50% - 60% - 4:52
2 - 50% - 40% - 4:48
PK Forward
1 - 73% - 60% - 9:07
2 - 27% - 40% - 3:19
PK Defense
1 - 50% - 60% - 6:10
2 - 50% - 40% - 6:16
PK3 Forward
1 - 100% - 60% - 0:12
2 - 0% - 40% - 0:00
PK3 Defense
1 - 0% - 60% - 0:00
2 - 100% - 40% - 0:12
44 Forward
1 - 90% - 60% - 3:47
2 - 10% - 40% - 0:26
44 Defense
1 - 45% - 60% - 1:54
2 - 55% - 40% - 2:19
Last Minute Offensive  - 0:00
Last Minute Defensive  - 0:00
Total
Forward - 60:00
Defense - 60:00

Play-by-Play

1st period


0:01 of 1st period - Mavrik Bourque wins face-off versus Jack Studnicka in neutral zone.
0:45 of 1st period - Off-side.
0:46 of 1st period - Brendan Gaunce wins face-off versus Charles Hudon in neutral zone.
1:00 of 1st period - Gage Quinney is hit by Aidan Fulp and loses puck.
1:07 of 1st period - Shot by Charles Hudon.
1:07 of 1st period - Shot Misses the Net.
1:09 of 1st period - Shot by Will Butcher.
1:09 of 1st period - Stopped by Peyton Jones without a rebound.
1:10 of 1st period - Cole Schneider wins face-off versus Kyle Rau in Condors zone.
1:13 of 1st period - Shot by Vasili Ponomarev.
1:13 of 1st period - Stopped by Peyton Jones with a rebound.
1:23 of 1st period - Shot by Cole Schneider.
1:23 of 1st period - Stopped by Peyton Jones without a rebound.
1:24 of 1st period - Alex Belzile wins face-off versus Tyler Madden in Condors zone.
1:32 of 1st period - Icing by Marco Scandella.
1:33 of 1st period - Steven Fogarty wins face-off versus Tyler Madden in Wolfpack zone.
1:34 of 1st period - Shot by Kyle Rau.
1:34 of 1st period - Stopped by Jesper Wallstedt without a rebound.
1:35 of 1st period - Vasili Ponomarev wins face-off versus Tristen Nielsen in Wolfpack zone.
2:31 of 1st period - Shot by Emil Bemstrom.
2:31 of 1st period - Shot Misses the Net.
4:49 of 1st period - Vasili Ponomarev is hit by Jan Mysak.
5:13 of 1st period - Shot by Drake Caggiula.
5:13 of 1st period - Stopped by Peyton Jones without a rebound.
5:14 of 1st period - Charles Hudon wins face-off versus Brendan Gaunce in Condors zone.
5:25 of 1st period - Shot by Charles Hudon.
5:25 of 1st period - Shot Blocked by Aidan Fulp.
5:27 of 1st period - Shot by Jacob MacDonald.
5:27 of 1st period - Stopped by Peyton Jones without a rebound.
5:28 of 1st period - Steven Fogarty wins face-off versus Mavrik Bourque in Condors zone.
5:28 of 1st period - Steven Fogarty is hit by Mavrik Bourque.
5:45 of 1st period - Icing by Joseph Duszak.
5:46 of 1st period - Kyle Rau wins face-off versus Charles Hudon in Condors zone.
5:46 of 1st period - Kyle Rau is hit by Nicolas Deslauriers.
5:52 of 1st period - Shot by Steven Fogarty.
5:52 of 1st period - Shot Misses the Net.
6:24 of 1st period - Shot by Isak Rosen.
6:24 of 1st period - Shot Blocked by Jacob MacDonald.
6:28 of 1st period - Shot by Mason Jobst.
6:28 of 1st period - Shot Misses the Net.
6:39 of 1st period - Shot by Bryan Yoon.
6:39 of 1st period - Goal by Bryan Yoon - Condors : 1 - Wolfpack : 0.
6:40 of 1st period - Alex Belzile wins face-off versus Tyler Madden in neutral zone.
7:47 of 1st period - Off-side.
7:48 of 1st period - Vasili Ponomarev wins face-off versus Brendan Gaunce in neutral zone.
8:18 of 1st period - Icing by Dillon Heatherington.
8:19 of 1st period - Tristen Nielsen wins face-off versus Vasili Ponomarev in Wolfpack zone.
8:19 of 1st period - Tristen Nielsen is hit by Dillon Heatherington.
8:51 of 1st period - Alex Belzile is hit by Nicolas Deslauriers and loses puck.
9:38 of 1st period - Icing by Marco Scandella.
9:39 of 1st period - Brendan Gaunce wins face-off versus Mavrik Bourque in Wolfpack zone.
10:31 of 1st period - Shot by Vasili Ponomarev.
10:31 of 1st period - Shot Hit the Post.
10:33 of 1st period - Shot by John Leonard.
10:33 of 1st period - Shot Misses the Net.
10:35 of 1st period - Shot by Cole Schneider.
10:35 of 1st period - Shot Misses the Net.
10:57 of 1st period - Shot by Steven Fogarty.
10:57 of 1st period - Stopped by Jesper Wallstedt without a rebound.
10:58 of 1st period - Charles Hudon wins face-off versus Alex Belzile in Wolfpack zone.
10:58 of 1st period - Charles Hudon is hit by Alex Belzile.
11:06 of 1st period - Minor Penalty to Jack Studnicka for Holding Stick.
11:07 of 1st period - Charles Hudon wins face-off versus Tristen Nielsen in Condors zone.
11:47 of 1st period - Mackenzie Entwistle beats up Steven Fogarty.
11:47 of 1st period - Penalty to Mackenzie Entwistle for Fighting.
11:47 of 1st period - Penalty to Steven Fogarty for Fighting.
11:48 of 1st period - Mavrik Bourque wins face-off versus Tristen Nielsen in Condors zone.
11:51 of 1st period - Shot by Marco Scandella.
11:51 of 1st period - Shot Blocked by Xavier Ouellet.
11:53 of 1st period - Shot by Mavrik Bourque.
11:53 of 1st period - Shot Blocked by Brendan Gaunce.
11:55 of 1st period - Shot by Marco Scandella.
11:55 of 1st period - Shot Misses the Net.
11:57 of 1st period - Shot by Josh Mahura.
11:57 of 1st period - Stopped by Peyton Jones without a rebound.
11:58 of 1st period - Mavrik Bourque wins face-off versus Tristen Nielsen in Condors zone.
12:36 of 1st period - Minor Penalty to John Leonard for Delaying the game.
12:37 of 1st period - Vasili Ponomarev wins face-off versus Jan Mysak in Wolfpack zone.
12:37 of 1st period - Vasili Ponomarev is hit by Jan Mysak.
12:47 of 1st period - Icing by Cole Schneider.
12:48 of 1st period - Vasili Ponomarev wins face-off versus Jan Mysak in Wolfpack zone.
12:57 of 1st period - Aidan Fulp is hit by Vasili Ponomarev and loses puck.
13:08 of 1st period - Shot by Nicolas Deslauriers.
13:08 of 1st period - Stopped by Peyton Jones without a rebound.
13:09 of 1st period - Jan Mysak wins face-off versus Nicolas Deslauriers in Condors zone.
13:09 of 1st period - Jan Mysak is hit by Nicolas Deslauriers.
13:24 of 1st period - Shot by Alex Belzile.
13:24 of 1st period - Stopped by Jesper Wallstedt without a rebound.
13:25 of 1st period - Brendan Gaunce wins face-off versus Nicolas Deslauriers in Wolfpack zone.
13:39 of 1st period - Brendan Gaunce is hit by Jacob MacDonald and loses puck.
13:44 of 1st period - Shot by Brendan Gaunce.
13:44 of 1st period - Shot Misses the Net.
13:46 of 1st period - Shot by Brendan Gaunce.
13:46 of 1st period - Deflect By Jack Studnicka.
13:46 of 1st period - Goal by Jack Studnicka - Condors : 2 - Wolfpack : 0.
13:47 of 1st period - Mavrik Bourque wins face-off versus Jan Mysak in neutral zone.
13:50 of 1st period - Shot by Dillon Heatherington.
13:50 of 1st period - Stopped by Peyton Jones without a rebound.
13:51 of 1st period - Mavrik Bourque wins face-off versus Jan Mysak in Condors zone.
13:51 of 1st period - Mavrik Bourque is hit by Joseph Duszak.
14:06 of 1st period - Shot by Joseph Duszak.
14:06 of 1st period - Shot Blocked by Josh Mahura.
14:08 of 1st period - Shot by Jan Mysak.
14:08 of 1st period - Stopped by Jesper Wallstedt without a rebound.
14:09 of 1st period - Tyler Madden wins face-off versus Alex Belzile in Wolfpack zone.
14:26 of 1st period - Joel Kiviranta is hit by Will Butcher and loses puck.
15:44 of 1st period - Icing by Drake Caggiula.
15:45 of 1st period - Tristen Nielsen wins face-off versus Vasili Ponomarev in Wolfpack zone.
16:01 of 1st period - Icing by Drake Caggiula.
16:02 of 1st period - Mavrik Bourque wins face-off versus Brendan Gaunce in Wolfpack zone.
16:02 of 1st period - Mavrik Bourque is hit by Brendan Gaunce.
16:08 of 1st period - Brendan Gaunce is hit by Vasili Ponomarev and loses puck.
16:20 of 1st period - Isak Rosen is hit by Colton White and loses puck.
16:25 of 1st period - Shot by Isak Rosen.
16:25 of 1st period - Shot Misses the Net.
16:27 of 1st period - Shot by Brendan Gaunce.
16:27 of 1st period - Goal by Brendan Gaunce - Condors : 3 - Wolfpack : 0.
16:28 of 1st period - Tristen Nielsen wins face-off versus Tyler Madden in neutral zone.
16:35 of 1st period - Shot by Xavier Ouellet.
16:35 of 1st period - Shot Blocked by Drew Helleson.
16:44 of 1st period - Icing by Xavier Ouellet.
16:45 of 1st period - Charles Hudon wins face-off versus Tristen Nielsen in Condors zone.
16:45 of 1st period - Charles Hudon is hit by Joseph Duszak.
16:49 of 1st period - Shot by Will Butcher.
16:49 of 1st period - Shot Misses the Net.
16:56 of 1st period - Gage Quinney is hit by Joseph Duszak and loses puck.
17:09 of 1st period - Will Butcher is hit by Xavier Ouellet and loses puck.
17:48 of 1st period - Shot by Cameron Wright.
17:48 of 1st period - Stopped by Jesper Wallstedt with a rebound.
18:06 of 1st period - Icing by Aidan Fulp.
18:07 of 1st period - Vasili Ponomarev wins face-off versus Steven Fogarty in Condors zone.
18:07 of 1st period - John Leonard is hit by Aidan Fulp and loses puck.
18:15 of 1st period - Icing by Dean Stewart.
18:16 of 1st period - Mavrik Bourque wins face-off versus Cameron Wright in Condors zone.
18:57 of 1st period - Minor Penalty to Dillon Heatherington for Goalie Interference.
18:58 of 1st period - Steven Fogarty wins face-off versus Nicolas Deslauriers in Wolfpack zone.
19:03 of 1st period - Shot by Jack Studnicka.
19:03 of 1st period - Stopped by Jesper Wallstedt without a rebound.
19:04 of 1st period - Nicolas Deslauriers wins face-off versus Steven Fogarty in Wolfpack zone.
19:28 of 1st period - Shot by Joseph Duszak.
19:28 of 1st period - Stopped by Jesper Wallstedt without a rebound.
19:29 of 1st period - Drake Caggiula wins face-off versus Brendan Gaunce in Wolfpack zone.
19:47 of 1st period - Mason Jobst is hit by Marco Scandella and loses puck.
Goals for this period are 3 for Condors vs 0 for Wolfpack.
Shots for this period are 10 for Condors vs 8 for Wolfpack.

2nd period


0:01 of 2nd period - Steven Fogarty wins face-off versus Nicolas Deslauriers in neutral zone.
0:17 of 2nd period - Off-side.
0:18 of 2nd period - Brendan Gaunce wins face-off versus Nicolas Deslauriers in neutral zone.
0:29 of 2nd period - Shot by Dean Stewart.
0:29 of 2nd period - Shot Misses the Net.
0:37 of 2nd period - Shot by Brendan Gaunce.
0:37 of 2nd period - Shot Misses the Net.
0:43 of 2nd period - Shot by Dean Stewart.
0:43 of 2nd period - Shot Misses the Net.
1:07 of 2nd period - Shot by Alex Belzile.
1:07 of 2nd period - Shot Misses the Net.
1:09 of 2nd period - Shot by Xavier Ouellet.
1:09 of 2nd period - Stopped by Jesper Wallstedt without a rebound.
1:10 of 2nd period - Vasili Ponomarev wins face-off versus Steven Fogarty in Wolfpack zone.
1:10 of 2nd period - Vasili Ponomarev is hit by Cameron Wright.
1:16 of 2nd period - Bryan Yoon is hit by John Leonard and loses puck.
1:40 of 2nd period - Icing by Drew Helleson.
1:41 of 2nd period - Vasili Ponomarev wins face-off versus Alex Belzile in Wolfpack zone.
2:17 of 2nd period - Shot by Jack Studnicka.
2:17 of 2nd period - Shot Misses the Net.
2:24 of 2nd period - Icing by John Leonard.
2:25 of 2nd period - Brendan Gaunce wins face-off versus Vasili Ponomarev in Wolfpack zone.
2:26 of 2nd period - Shot by Isak Rosen.
2:26 of 2nd period - Stopped by Jesper Wallstedt without a rebound.
2:27 of 2nd period - Brendan Gaunce wins face-off versus Tyler Madden in Wolfpack zone.
2:59 of 2nd period - Icing by Patrik Koch.
3:00 of 2nd period - Brendan Gaunce wins face-off versus Charles Hudon in Condors zone.
3:00 of 2nd period - Brendan Gaunce is hit by Nicolas Deslauriers.
3:54 of 2nd period - Jacob MacDonald is hit by Joseph Duszak.
4:12 of 2nd period - Shot by Kyle Rau.
4:12 of 2nd period - Shot Blocked by Will Butcher.
4:14 of 2nd period - Shot by Cameron Wright.
4:14 of 2nd period - Stopped by Jesper Wallstedt without a rebound.
4:15 of 2nd period - Steven Fogarty wins face-off versus Tyler Madden in Wolfpack zone.
5:15 of 2nd period - Cole Schneider is hit by Dean Stewart and loses puck.
5:33 of 2nd period - Shot by Vasili Ponomarev.
5:33 of 2nd period - Shot Blocked by Aidan Fulp.
5:48 of 2nd period - Minor Penalty to Steven Fogarty for Tripping.
5:49 of 2nd period - Brendan Gaunce wins face-off versus Mavrik Bourque in Condors zone.
6:22 of 2nd period - Shot by Isak Rosen.
6:22 of 2nd period - Deflect By Tristen Nielsen.
6:22 of 2nd period - Shot Misses the Net.
8:37 of 2nd period - Shot by Emil Bemstrom.
8:37 of 2nd period - Shot Misses the Net.
9:13 of 2nd period - Shot by Gage Quinney.
9:13 of 2nd period - Stopped by Peyton Jones with a rebound.
9:17 of 2nd period - Shot by Nicolas Deslauriers.
9:17 of 2nd period - Shot Misses the Net.
9:19 of 2nd period - Shot by Nicolas Deslauriers.
9:19 of 2nd period - Shot Blocked by Cameron Wright.
9:21 of 2nd period - Shot by Charles Hudon.
9:21 of 2nd period - Shot Misses the Net.
9:22 of 2nd period - Minor Penalty to Dean Stewart for Slashing.
9:23 of 2nd period - Charles Hudon wins face-off versus Isak Rosen in Condors zone.
9:23 of 2nd period - Charles Hudon is hit by Patrik Koch.
9:35 of 2nd period - Shot by Charles Hudon.
9:35 of 2nd period - Stopped by Peyton Jones with a rebound.
9:37 of 2nd period - Shot by Jacob MacDonald.
9:37 of 2nd period - Stopped by Peyton Jones without a rebound.
9:38 of 2nd period - Mavrik Bourque wins face-off versus Isak Rosen in Condors zone.
10:26 of 2nd period - Shot by Jacob MacDonald.
10:26 of 2nd period - Shot Blocked by Patrik Koch.
10:28 of 2nd period - Shot by Charles Hudon.
10:28 of 2nd period - Stopped by Peyton Jones without a rebound.
10:29 of 2nd period - Brendan Gaunce wins face-off versus Mavrik Bourque in Condors zone.
10:39 of 2nd period - Shot by Marco Scandella.
10:39 of 2nd period - Shot Blocked by Aidan Fulp.
10:41 of 2nd period - Shot by Mackenzie Entwistle.
10:41 of 2nd period - Stopped by Peyton Jones without a rebound.
10:42 of 2nd period - Charles Hudon wins face-off versus Isak Rosen in Condors zone.
10:45 of 2nd period - Shot by Charles Hudon.
10:45 of 2nd period - Stopped by Peyton Jones without a rebound.
10:46 of 2nd period - Charles Hudon wins face-off versus Jack Studnicka in Condors zone.
10:56 of 2nd period - Double Minor Penalty to Nicolas Deslauriers for Roughing.
10:57 of 2nd period - John Leonard wins face-off versus Steven Fogarty in Wolfpack zone.
11:33 of 2nd period - Off-side.
11:34 of 2nd period - Cole Schneider wins face-off versus Brendan Gaunce in neutral zone.
13:09 of 2nd period - Shot by Xavier Ouellet.
13:09 of 2nd period - Stopped by Jesper Wallstedt without a rebound.
13:10 of 2nd period - Steven Fogarty wins face-off versus Cole Schneider in Wolfpack zone.
14:00 of 2nd period - Shot by Mavrik Bourque.
14:00 of 2nd period - Stopped by Peyton Jones without a rebound.
14:01 of 2nd period - Cole Schneider wins face-off versus Jan Mysak in Condors zone.
14:01 of 2nd period - Cole Schneider is hit by Joseph Duszak.
14:18 of 2nd period - Xavier Ouellet is hit by Mackenzie Entwistle and loses puck.
15:10 of 2nd period - Shot by Gage Quinney.
15:10 of 2nd period - Stopped by Peyton Jones without a rebound.
15:11 of 2nd period - Vasili Ponomarev wins face-off versus Tristen Nielsen in Condors zone.
15:12 of 2nd period - Shot by John Leonard.
15:12 of 2nd period - Shot Blocked by Bryan Yoon.
15:14 of 2nd period - Shot by Vasili Ponomarev.
15:14 of 2nd period - Goal by Vasili Ponomarev - Condors : 3 - Wolfpack : 1.
15:15 of 2nd period - Vasili Ponomarev wins face-off versus Tristen Nielsen in neutral zone.
15:22 of 2nd period - Shot by Tristen Nielsen.
15:22 of 2nd period - Stopped by Jesper Wallstedt without a rebound.
15:23 of 2nd period - Steven Fogarty wins face-off versus Charles Hudon in Wolfpack zone.
15:24 of 2nd period - Shot by Kyle Rau.
15:24 of 2nd period - Shot Misses the Net.
15:35 of 2nd period - Icing by Charles Hudon.
15:36 of 2nd period - Charles Hudon wins face-off versus Brendan Gaunce in Wolfpack zone.
15:51 of 2nd period - Shot by Mason Jobst.
15:51 of 2nd period - Shot Misses the Net.
16:58 of 2nd period - Minor Penalty to Marco Scandella for Tripping.
16:59 of 2nd period - Steven Fogarty wins face-off versus Nicolas Deslauriers in Wolfpack zone.
17:06 of 2nd period - Shot by Dean Stewart.
17:06 of 2nd period - Stopped by Jesper Wallstedt without a rebound.
17:07 of 2nd period - Steven Fogarty wins face-off versus Nicolas Deslauriers in Wolfpack zone.
17:23 of 2nd period - Off-side.
17:24 of 2nd period - Brendan Gaunce wins face-off versus Cole Schneider in neutral zone.
17:47 of 2nd period - Will Butcher is hit by Isak Rosen and loses puck.
17:52 of 2nd period - Shot by Xavier Ouellet.
17:52 of 2nd period - Deflect By Isak Rosen.
17:52 of 2nd period - Stopped by Jesper Wallstedt without a rebound.
17:53 of 2nd period - Nicolas Deslauriers wins face-off versus Steven Fogarty in Wolfpack zone.
18:09 of 2nd period - Shot by Dean Stewart.
18:09 of 2nd period - Deflect By Jack Studnicka.
18:09 of 2nd period - Stopped by Jesper Wallstedt with a rebound.
19:01 of 2nd period - Kyle Rau is hit by Marco Scandella and loses puck.
19:10 of 2nd period - Shot by Vasili Ponomarev.
19:10 of 2nd period - Deflect By Cole Schneider.
19:10 of 2nd period - Shot Hit the Post.
19:31 of 2nd period - Cole Schneider is hit by Bryan Yoon and loses puck.
19:41 of 2nd period - Icing by Bryan Yoon.
19:42 of 2nd period - Jan Mysak wins face-off versus Tyler Madden in Condors zone.
19:42 of 2nd period - Jan Mysak is hit by Mackenzie Entwistle.
Goals for this period are 0 for Condors vs 1 for Wolfpack.
Shots for this period are 8 for Condors vs 9 for Wolfpack.

3rd period


0:01 of 3rd period - Alex Belzile wins face-off versus Drake Caggiula in neutral zone.
0:55 of 3rd period - Shot by Isak Rosen.
0:55 of 3rd period - Stopped by Jesper Wallstedt without a rebound.
0:56 of 3rd period - Charles Hudon wins face-off versus Steven Fogarty in Wolfpack zone.
1:06 of 3rd period - Minor Penalty to Kyle Rau for Unsportsmanlike conduct.
1:07 of 3rd period - Charles Hudon wins face-off versus Isak Rosen in Condors zone.
1:08 of 3rd period - Shot by Jacob MacDonald.
1:08 of 3rd period - Shot Blocked by Dean Stewart.
1:10 of 3rd period - Shot by Will Butcher.
1:10 of 3rd period - Stopped by Peyton Jones with a rebound.
1:12 of 3rd period - Shot by Will Butcher.
1:12 of 3rd period - Shot Blocked by Isak Rosen.
1:49 of 3rd period - Shot by Marco Scandella.
1:49 of 3rd period - Stopped by Peyton Jones without a rebound.
1:50 of 3rd period - Jack Studnicka wins face-off versus Mavrik Bourque in Condors zone.
2:05 of 3rd period - Shot by Mackenzie Entwistle.
2:05 of 3rd period - Shot Misses the Net.
2:07 of 3rd period - Shot by Mackenzie Entwistle.
2:07 of 3rd period - Stopped by Peyton Jones without a rebound.
2:08 of 3rd period - Charles Hudon wins face-off versus Isak Rosen in Condors zone.
3:17 of 3rd period - Shot by Alex Belzile.
3:17 of 3rd period - Shot Blocked by Cole Schneider.
3:40 of 3rd period - Icing by Cole Schneider.
3:41 of 3rd period - Vasili Ponomarev wins face-off versus Brendan Gaunce in Wolfpack zone.
3:41 of 3rd period - John Leonard is hit by Brendan Gaunce and loses puck.
4:35 of 3rd period - Brendan Gaunce is hit by Marco Scandella and loses puck.
4:39 of 3rd period - Minor Penalty to Colton White for Tripping.
4:39 of 3rd period - Minor Penalty to Brendan Gaunce for Roughing.
4:40 of 3rd period - John Leonard wins face-off versus Steven Fogarty in Wolfpack zone.
4:44 of 3rd period - Off-side.
4:45 of 3rd period - Steven Fogarty wins face-off versus John Leonard in neutral zone.
5:14 of 3rd period - Jacob MacDonald is hit by Joseph Duszak and loses puck.
5:45 of 3rd period - Shot by Charles Hudon.
5:45 of 3rd period - Stopped by Peyton Jones without a rebound.
5:46 of 3rd period - Tristen Nielsen wins face-off versus John Leonard in Condors zone.
6:49 of 3rd period - Shot by Nicolas Deslauriers.
6:49 of 3rd period - Shot Misses the Net.
6:59 of 3rd period - Shot by Gage Quinney.
6:59 of 3rd period - Shot Misses the Net.
7:01 of 3rd period - Shot by Charles Hudon.
7:01 of 3rd period - Stopped by Peyton Jones without a rebound.
7:02 of 3rd period - Steven Fogarty wins face-off versus Tyler Madden in Condors zone.
7:02 of 3rd period - Steven Fogarty is hit by Mackenzie Entwistle.
7:13 of 3rd period - Minor Penalty to Mackenzie Entwistle for High sticking.
7:14 of 3rd period - Brendan Gaunce wins face-off versus Nicolas Deslauriers in Wolfpack zone.
7:19 of 3rd period - Shot by Mason Jobst.
7:19 of 3rd period - Stopped by Jesper Wallstedt without a rebound.
7:20 of 3rd period - Brendan Gaunce wins face-off versus Nicolas Deslauriers in Wolfpack zone.
8:03 of 3rd period - Shot by Xavier Ouellet.
8:03 of 3rd period - Shot Blocked by Charles Hudon.
8:15 of 3rd period - Shot by Steven Fogarty.
8:15 of 3rd period - Stopped by Jesper Wallstedt with a rebound.
9:00 of 3rd period - Minor Penalty to Drew Helleson for Tripping.
9:01 of 3rd period - Steven Fogarty wins face-off versus Drake Caggiula in Wolfpack zone.
9:02 of 3rd period - Shot by Alex Belzile.
9:02 of 3rd period - Shot Misses the Net.
9:04 of 3rd period - Shot by Jack Studnicka.
9:04 of 3rd period - Stopped by Jesper Wallstedt with a rebound.
9:58 of 3rd period - Shot by Brendan Gaunce.
9:58 of 3rd period - Stopped by Jesper Wallstedt without a rebound.
9:59 of 3rd period - Jan Mysak wins face-off versus Nicolas Deslauriers in Wolfpack zone.
10:20 of 3rd period - Shot by Mason Jobst.
10:20 of 3rd period - Shot Misses the Net.
10:38 of 3rd period - Icing by Jack Studnicka.
10:39 of 3rd period - Steven Fogarty wins face-off versus Nicolas Deslauriers in Condors zone.
11:29 of 3rd period - Icing by Drew Helleson.
11:30 of 3rd period - Vasili Ponomarev wins face-off versus Tristen Nielsen in Wolfpack zone.
11:39 of 3rd period - Shot by Vasili Ponomarev.
11:39 of 3rd period - Shot Misses the Net.
11:51 of 3rd period - Shot by Alex Belzile.
11:51 of 3rd period - Stopped by Jesper Wallstedt without a rebound.
11:52 of 3rd period - Brendan Gaunce wins face-off versus Tyler Madden in Wolfpack zone.
11:53 of 3rd period - Shot by Isak Rosen.
11:53 of 3rd period - Shot Hit the Post.
12:08 of 3rd period - Shot by Isak Rosen.
12:08 of 3rd period - Stopped by Jesper Wallstedt without a rebound.
12:09 of 3rd period - Charles Hudon wins face-off versus Steven Fogarty in Wolfpack zone.
12:09 of 3rd period - Charles Hudon is hit by Cameron Wright.
12:10 of 3rd period - Minor Penalty to Steven Fogarty for Delaying the game.
12:11 of 3rd period - Mavrik Bourque wins face-off versus Isak Rosen in Condors zone.
12:49 of 3rd period - Minor Penalty to Mackenzie Entwistle for Hooking.
12:50 of 3rd period - John Leonard wins face-off versus Jan Mysak in Wolfpack zone.
13:02 of 3rd period - Shot by Jan Mysak.
13:02 of 3rd period - Shot Blocked by Will Butcher.
13:04 of 3rd period - Shot by Dean Stewart.
13:04 of 3rd period - Stopped by Jesper Wallstedt without a rebound.
13:05 of 3rd period - Jan Mysak wins face-off versus John Leonard in Wolfpack zone.
13:05 of 3rd period - Jan Mysak is hit by Jacob MacDonald.
13:29 of 3rd period - Tristen Nielsen is hit by Will Butcher and loses puck.
13:32 of 3rd period - Shot by Xavier Ouellet.
13:32 of 3rd period - Shot Misses the Net.
13:34 of 3rd period - Shot by Xavier Ouellet.
13:34 of 3rd period - Stopped by Jesper Wallstedt without a rebound.
13:35 of 3rd period - Brendan Gaunce wins face-off versus John Leonard in Wolfpack zone.
13:56 of 3rd period - Shot by John Leonard.
13:56 of 3rd period - Stopped by Peyton Jones with a rebound.
13:58 of 3rd period - Shot by Marco Scandella.
13:58 of 3rd period - Shot Misses the Net.
14:00 of 3rd period - Shot by Cole Schneider.
14:00 of 3rd period - Shot Blocked by Isak Rosen.
14:15 of 3rd period - Off-side.
14:16 of 3rd period - Nicolas Deslauriers wins face-off versus Jack Studnicka in neutral zone.
14:37 of 3rd period - Shot by Jack Studnicka.
14:37 of 3rd period - Shot Misses the Net.
14:39 of 3rd period - Shot by Jack Studnicka.
14:39 of 3rd period - Shot Blocked by Marco Scandella.
14:41 of 3rd period - Shot by Alex Belzile.
14:41 of 3rd period - Stopped by Jesper Wallstedt with a rebound.
14:43 of 3rd period - Shot by Jack Studnicka.
14:43 of 3rd period - Stopped by Jesper Wallstedt without a rebound.
14:44 of 3rd period - Nicolas Deslauriers wins face-off versus Brendan Gaunce in Wolfpack zone.
14:44 of 3rd period - Nicolas Deslauriers is hit by Brendan Gaunce.
16:00 of 3rd period - Shot by Vasili Ponomarev.
16:00 of 3rd period - Shot Misses the Net.
17:05 of 3rd period - Shot by Nicolas Deslauriers.
17:05 of 3rd period - Stopped by Peyton Jones without a rebound.
17:06 of 3rd period - Brendan Gaunce wins face-off versus Tyler Madden in Condors zone.
17:22 of 3rd period - Shot by Emil Bemstrom.
17:22 of 3rd period - Shot Misses the Net.
17:31 of 3rd period - Mackenzie Entwistle is hit by Joseph Duszak and loses puck.
17:32 of 3rd period - Minor Penalty to Joseph Duszak for Roughing.
17:33 of 3rd period - Jack Studnicka wins face-off versus Charles Hudon in Condors zone.
17:39 of 3rd period - Icing by Gage Quinney.
17:40 of 3rd period - Charles Hudon wins face-off versus Isak Rosen in Wolfpack zone.
17:42 of 3rd period - Icing by Will Butcher.
17:43 of 3rd period - Charles Hudon wins face-off versus Isak Rosen in Wolfpack zone.
17:43 of 3rd period - Charles Hudon is hit by Isak Rosen.
17:46 of 3rd period - Icing by Gage Quinney.
17:47 of 3rd period - Charles Hudon wins face-off versus Isak Rosen in Wolfpack zone.
17:52 of 3rd period - Shot by Will Butcher.
17:52 of 3rd period - Stopped by Peyton Jones without a rebound.
17:53 of 3rd period - Mavrik Bourque wins face-off versus Isak Rosen in Condors zone.
17:54 of 3rd period - Shot by Marco Scandella.
17:54 of 3rd period - Shot Blocked by Patrik Koch.
17:56 of 3rd period - Shot by Josh Mahura.
17:56 of 3rd period - Stopped by Peyton Jones without a rebound.
17:57 of 3rd period - Mavrik Bourque wins face-off versus Isak Rosen in Condors zone.
18:26 of 3rd period - Shot by Josh Mahura.
18:26 of 3rd period - Stopped by Peyton Jones with a rebound.
18:28 of 3rd period - Shot by Josh Mahura.
18:28 of 3rd period - Stopped by Peyton Jones without a rebound.
18:29 of 3rd period - Jack Studnicka wins face-off versus Charles Hudon in Condors zone.
18:29 of 3rd period - Jack Studnicka is hit by Nicolas Deslauriers.
19:15 of 3rd period - Shot by Mavrik Bourque.
19:15 of 3rd period - Stopped by Peyton Jones without a rebound.
19:16 of 3rd period - Mavrik Bourque wins face-off versus Isak Rosen in Condors zone.
Goals for this period are 0 for Condors vs 0 for Wolfpack.
Shots for this period are 11 for Condors vs 12 for Wolfpack.